 Dungeon Crawl Stone Soup version 0.28.0-43-g3370ac3207 (webtiles) character file.

Game seed: 15946036943429841066

44 iamoutofideas the Chopper (level 3, -3/33 HPs)
             Began as a Hill Orc Monk on Mar 20, 2022.
             Engulfed by a steam dragon's steam (9 damage)
             ... on level 3 of the Dungeon.
             The game lasted 00:01:56 (1705 turns).

iamoutofideas the Chopper (Hill Orc Monk)           Turns: 1705, Time: 00:01:56

Health: -3/33      AC:  3    Str: 15    XL:     3   Next: 60%
Magic:  3/3        EV: 12    Int: 10    God:
Gold:   79         SH:  0    Dex: 13    Spells: 2/2 levels left

rFire   . . .      SeeInvis .   a - +0 hand axe
rCold   + . .      Faith    .   (no shield)
rNeg    . . .      Spirit   .   k - +0 leather armour {rC+}
rPois   .          Reflect  .   (no helmet)
rElec   .          Harm     .   (no cloak)
rCorr   +          Rampage  .   (no gloves)
Will    .....                   (no boots)
Stlth   ++........              (no amulet)
HPRegen 0.11/turn               c - ring of resist corrosion
MPRegen 0.08/turn               (no ring)

@: no status effects
A: no striking features
a: no special abilities


You were on level 3 of the Dungeon.
You visited 1 branch of the dungeon, and saw 3 of its levels.

You collected 79 gold pieces.

Inventory:

Hand Weapons
 a - a +0 hand axe (weapon)
Armour
 b - a +0 robe
 e - a +0 leather armour
 k - a +0 leather armour of cold resistance (worn)
Jewellery
 c - a ring of resist corrosion (left hand)
Wands
 h - a wand of iceblast (8)
Scrolls
 d - a scroll of immolation {unknown}
 j - a scroll of blinking {unknown}
Potions
 f - a potion of brilliance {unknown}
 g - a potion of heal wounds {unknown}
 i - a potion of curing {unknown}


   Skills:
 + Level 4.1 Fighting
 + Level 4.9 Axes
 + Level 0.1 Armour
 + Level 2.8 Dodging
 + Level 1.7 Stealth


You had 2 spell levels left.
You didn't know any spells.
Your spell library was empty.

Dungeon Overview and Level Annotations

Branches:
Dungeon (3/15)

Altars:


Message History

No target in view!
No target in view!
A kobold comes into view. It is wielding a +0 club.
A kobold is nearby!
A kobold is nearby!
A kobold is nearby!
The kobold shouts!
You hit the kobold.
You kill the kobold!
You hear an angry hiss.
No target in view!
No target in view!
No target in view!
A steam dragon comes into view.
A steam dragon is nearby!
A steam dragon is nearby!
A steam dragon is nearby!
The steam dragon hisses angrily.
The steam dragon bites you but does no damage.
The steam dragon claws you but does no damage.
You hit the steam dragon but do no damage.
The steam dragon bites you. The steam dragon claws you.
You hit the steam dragon.
The steam dragon is lightly wounded.
The steam dragon breathes steam at you. The ball of steam misses you.
You hit the steam dragon but do no damage.
The steam dragon is lightly wounded.
You are engulfed in a cloud of scalding steam.
The steam dragon bites you! The steam dragon closely misses you.
You are too injured to fight recklessly!
You hit the steam dragon.
The steam dragon is moderately wounded.
You are engulfed in a cloud of scalding steam.
* * * LOW HITPOINT WARNING * * *
The steam dragon closely misses you.
The steam dragon claws you but does no damage.
You are too injured to fight recklessly!
You are engulfed in a cloud of scalding steam.
You die...

# .# ####.
## #... ..
#..# .#
#).# #.#
#<.# ..#
#..##..#.#
#.§@§D...#
##.......#
#†##.##.#
#... .# #
#..####
#..# #...
#.## #.


You could see a steam dragon.

Vanquished Creatures
  3 dart slugs
  3 bats (D:1)
  2 endoplasms
  A goblin (D:1)
  2 hobgoblins (D:1)
  4 jackals (D:1)
  A quokka (D:3)
  6 ball pythons (D:1)
  3 frilled lizards
  5 kobolds
  5 rats
35 creatures vanquished.

Notes
Turn   | Place    | Note
-------+----------+-------------------------------------------
     0 | D:1      | iamoutofideas the Hill Orc Monk began the quest for the
                  | Orb.
     0 | D:1      | Reached XP level 1. HP: 19/19 MP: 1/1
   239 | D:1      | Reached XP level 2. HP: 23/27 MP: 2/2
   776 | D:1      | Reached XP level 3. HP: 29/33 MP: 3/3
  1497 | D:2      | Found a faded altar of an unknown god.
  1697 | D:3      | Noticed a steam dragon
  1705 | D:3      | Engulfed by a steam dragon's steam

Illustrated notes

Levels and vault maps discovered:
D:1:      heliophobic_arrival_henge, layout_loops_corners
D:2:      layout_rooms, hellmonk_ecumenical_altar_pennies_from_heaven,
          nicolae_figureground_sparkle
D:3:      layout_loops_cross, general_overflow_altar, gammafunk_ghost_split,
          uniq_terence, uniq_sigmund, uniq_robin

Skill      XL: |  1  2 |
---------------+-------+-----
Fighting       | 4 |  4.1
Axes           | |  4.9
Armour         | |  0.1
Dodging        | |  2.8
Stealth        | |  1.7

Action                   || total
-------------------------++-------
Melee: Hand axe          ||   103
 Stab: Sleeping          ||     3
Armor: Robe              ||    12
       Leather armour    ||    16
Dodge: Dodged            ||    55
